 Dungeon Crawl Stone Soup version 0.26-a0-1025-g006ef2cfcc (webtiles) character file.

Game seed: 9466065160809756747

90 Majang the Ducker (level 4, 0/23 HPs)
             Began as a Spriggan Abyssal Knight on Dec 9, 2020.
             Was a Follower of Lugonu.
             Slain by an orc wizard
             ... wielding a +0 dagger
              (3 damage)
             ... on level 2 of the Dungeon.
             The game lasted 00:06:59 (1501 turns).

Majang the Ducker (Spriggan Abyssal Knight)         Turns: 1501, Time: 00:06:59

Health: 0/23       AC:  2    Str:  9    XL:     4   Next: 32%
Magic:  6/6        EV: 19    Int: 13    God:    Lugonu [*.....]
Gold:   89         SH:  0    Dex: 15    Spells: 3/3 levels left

rFire    . . .     SeeInvis +   a - +1 short sword
rCold    . . .     Faith    .   (shield restricted)
rNeg     . . .     Spirit   .   b - +0 robe
rPois    .         Reflect  .   (helmet restricted)
rElec    .         Harm     .   (no cloak)
rCorr    .         Rampage  .   (gloves unavailable)
Will     .....                  (boots unavailable)
Stlth    ++........             (no amulet)
HPRegen  0.07/turn              (no ring)
MPRegen  0.10/turn              (no ring)

@: very quick
A: very small, unfitting armour, see invisible, speed 3
a: Depart the Abyss, Renounce Religion


You were on level 2 of the Dungeon.
You worshipped Lugonu.
Lugonu was aware of your devotion.
You visited 1 branch of the dungeon, and saw 2 of its levels.
You visited the Abyss 1 time.

You collected 89 gold pieces.

Inventory:

Hand Weapons
 a - a +1 short sword (weapon)
Armour
 b - a +0 robe (worn)
Scrolls
 c - a scroll of teleportation {unknown}
 d - 3 scrolls of identify {unknown}
 h - 2 scrolls of immolation {unknown}
Potions
 e - a potion of attraction {unknown}
 f - 2 potions of cancellation
 g - a potion of haste {unknown}
 i - 2 potions of curing {unknown}
 j - 2 potions of heal wounds {unknown}
 k - a potion of resistance {unknown}


   Skills:
 + Level 2.8 Fighting
 * Level 3.5 Short Blades
 + Level 4.2 Dodging
 + Level 2.3 Stealth
 + Level 2.3 Invocations


You had 3 spell levels left.
You didn't know any spells.
Your spell library was empty.

Dungeon Overview and Level Annotations

Branches:
Dungeon (2/15)

Altars:


Innate Abilities, Weirdness & Mutations

You are very small and have problems with some larger weapons.
You are too small for most types of armour.
You have supernaturally acute eyesight. (SInv)
You cover ground extremely quickly.


Message History

You hit the orc wizard but do no damage.
The orc wizard is heavily wounded.
The orc wizard barely misses you.
You closely miss the orc wizard.
The orc wizard is heavily wounded.
The orc wizard points at you and mumbles some strange words.
The puff of flame hits you.
* * * LOW HITPOINT WARNING * * *
You closely miss the orc wizard.
The orc wizard is heavily wounded.
The orc wizard closely misses you.
You miss the orc wizard.
The orc wizard is heavily wounded.
You barely miss the orc wizard.
The orc wizard is heavily wounded.
The orc wizard hits you with a +0 dagger.
* * * LOW HITPOINT WARNING * * *
It was a potion of cancellation.
You feel magically purged.
The orc wizard hits you with a +0 dagger.
You die...

##.....## # ##...##
# ##+## # #.# #
######.#
#......####### #
#.###.........
#.#####.##........##
#oo@...............#
#######.###.........
#.# #..#......
#.............
#......###.###
######## ###


You could see an orc wizard and an orc.

Vanquished Creatures
  An orc wizard (D:2)
  Terence (D:2)
  A gnoll (D:1)
  A worm (D:2)
  3 dart slugs
  A leopard gecko (D:2)
  An orc (D:2)
  3 goblins (D:1)
  A hobgoblin (D:2)
  A quokka (D:2)
  3 kobolds (D:1)
  4 rats (D:1)
21 creatures vanquished.

Notes
Turn   | Place    | Note
-------+----------+-------------------------------------------
     0 | Abyss:1  | Majang the Spriggan Abyssal Knight began the quest for the
                  | Orb.
     0 | Abyss:1  | Reached XP level 1. HP: 11/11 MP: 3/3
    70 | Abyss:1  | Noticed a small abomination
   113 | Abyss:1  | Found a corrupted altar of Lugonu.
   116 | Abyss:1  | Noticed a large abomination
   141 | Abyss:1  | Found a corrupted altar of Lugonu.
   157 | Abyss:1  | Noticed a wretched star
   160 | D:1      | Escaped the Abyss
   546 | D:1      | Reached XP level 2. HP: 16/16 MP: 4/4
   589 | D:1      | Reached skill level 1 in Stealth
   704 | D:1      | Reached * piety under Lugonu
  1142 | D:2      | Reached XP level 3. HP: 19/19 MP: 5/5
  1144 | D:2      | Noticed Terence
  1175 | D:2      | Killed Terence
  1176 | D:2      | Reached skill level 4 in Dodging
  1484 | D:2      | Reached XP level 4. HP: 12/23 MP: 6/6
  1501 | D:2      | Slain by an orc wizard

Illustrated notes

Levels and vault maps discovered:
D:1:      mushboom_english_gardens, layout_loops_cross, st_stairs_5,
          solitary_fountain
D:2:      layout_loops_corners, uniq_terence

Skill      XL: |  1  2  3 |
---------------+----------+-----
Stealth        | 1 2 |  2.3
Invocations    | 2 |  2.3
Short Blades   | 3 |  3.5
Dodging        | 4 |  4.2
Fighting       | |  2.8

Action                   |  1- 3 |  4- 6 || total
-------------------------+-------+-------++-------
Melee: Short sword       |    95 |    17 ||   112
Invok: Depart the Abyss  |     1 |       ||     1
  Use: Potion            |       |     1 ||     1
 Stab: Sleeping          |     9 |       ||     9
Armor: Robe              |     7 |       ||     7
Dodge: Dodged            |    42 |     8 ||    50

Table legend: (Time is in decaauts)
 A = Elapsed time spent in this place.
 B = Non-inter-level travel time spent in this place.
 C = Inter-level travel time spent in this place.
 D = Time resting spent in this place.
 E = Time spent auto-exploring this place.
 F = Levels seen in this place.
 G = Mean time per level.
                   A        B        C        D        E       F      G
               +--------+--------+--------+--------+--------+-----+--------+
         Total |   1144 |   1137 |      7 |    470 |    340 |   3 |  381.3 |
       Dungeon |   1047 |   1040 |      7 |    470 |    340 |   2 |  523.5 |
         Abyss |     97 |     97 |      0 |      0 |      0 |   1 |   97.0 |
               +--------+--------+--------+--------+--------+-----+--------+

Top non-repeatable levels by time:
     D:1: 623 daAuts
     D:2: 424 daAuts
 Abyss:1: 97 daAuts
